 Dungeon Crawl Stone Soup version 0.30-a0-122-g2a1322497e (webtiles) character file.

Game seed: 3359367183532274278

44 KittyKat the Grave Robber (level 3, -2/24 HPs)
             Began as a Demonspawn Necromancer on Sept 15, 2022.
             Killed from afar by Sigmund (17 damage)
             ... with a bolt of dispelling energy
             ... on level 2 of the Dungeon.
             The game lasted 00:07:18 (2042 turns).

KittyKat the Grave Robber (Demonspawn Necromancer)  Turns: 2042, Time: 00:07:18

Health: -2/24      AC:  3    Str:  8    XL:     3   Next: 41%
Magic:  15/15      EV: 12    Int: 18    God:
Gold:   140        SH:  0    Dex: 13    Spells: 2/6 levels left

rFire   . . .      SeeInvis .    m - +0 dagger (venom)
rCold   . . .      Faith    .    (no shield)
rNeg    . . .      Spirit   .    a - +0 robe
rPois   .          Reflect  .    f - +0 helmet
rElec   .          Harm     .    (no cloak)
rCorr   .          Rampage  .    (no gloves)
Will    .....                    (no boots)
Stlth   ++........               (no amulet)
HPRegen 0.08/turn                g - ring of magical power
MPRegen 0.14/turn                (no ring)

@: no status effects
A: hooves 2
a: no special abilities


You were on level 2 of the Dungeon.
You visited 1 branch of the dungeon, and saw 3 of its levels.

You collected 140 gold pieces.

Inventory:

Hand Weapons
 m - a +0 dagger of venom (weapon)
Armour
 a - a +0 robe (worn)
 d - the +7 chain mail of Insecurity {Contam Rampage rPois Dex-3}
   (You found it on level 2 of the Dungeon)

   Dex:       It affects your dexterity (-3).
   rPois:     It protects you from poison.
   Contam:    It causes magical contamination when unequipped.
   Rampage:   It bestows one free step when moving towards enemies.
 f - a +0 helmet (worn)
Jewellery
 g - a ring of magical power (left hand)
Scrolls
 c - a scroll of enchant armour {unknown}
 h - a scroll of teleportation {unknown}
Potions
 b - a potion of magic
 e - 2 potions of mutation {unknown}
 i - a potion of flight {unknown}
 j - 2 potions of haste {unknown}
 l - a potion of brilliance {unknown}
 n - a potion of curing {unknown}


   Skills:
 + Level 2.2 Dodging
 - Level 1.7 Stealth
 + Level 2.4 Spellcasting
 * Level 5.1 Necromancy


You had 2 spell levels left.
You knew the following spells:

 Your Spells              Type           Power      Damage    Failure   Level
a - Necrotise             Necr           80%        1d8       1%          1
b - Vampiric Draining     Necr           20%        2d7       6%          3

Your spell library contained the following spells:

 Spells                   Type           Power      Damage    Failure   Level
 Animate Dead             Necr           20%        N/A       21%         4
 Agony                    Necr           20%        N/A       50%         5


Dungeon Overview and Level Annotations

Branches:
Dungeon (3/15)

Altars:

Shops:
D:2 =

Annotations:
D:2 Sigmund
D:3 Grinder


Innate Abilities, Weirdness & Mutations

You have hoof-like feet.


Message History

As you read the scroll labelled FAUTTY JUZI, it crumbles to dust.
It was a scroll of blinking.
A kobold comes into view. It is wielding a +0 short sword.
The kobold shouts!
The kobold closely misses you.
You closely miss the kobold. You kick the kobold.
The kobold is heavily wounded.
The kobold closely misses you.
You barely miss the kobold.
The kobold is heavily wounded.
The kobold completely misses you.
You hit the kobold.
You kill the kobold!
Grinder comes into view.
She is carrying a wand of polymorph (5).
Things that are here:
a +0 short sword; a kobold corpse Grinder shouts!
You hit Grinder but do no damage. You kick Grinder.
Grinder is lightly wounded.
Grinder gestures at you. Pain shoots through your body!
You barely miss Grinder.
Grinder is lightly wounded.
Grinder says, "Wait up."
Grinder zaps a wand.
You resist with significant effort.
You closely miss Grinder.
Grinder is lightly wounded.
Grinder hits you.
You writhe in agony.
Casting: Necrotise (safe; 1% risk of failure)
Confirm with . or Enter, or press ? or * to list all spells.
You can't see any susceptible monsters within range! (Use Z to cast anyway.) Blink to where?
Press: ? - help, Q - select action, (/) - cycle Dir - move target
As you read the scroll of blinking, it crumbles to dust.
There is a stone staircase leading up here.
You climb upwards.
Level annotation: Sigmund Sigmund zaps a wand.
The bolt of dispelling energy hits you!
Ouch! That really hurt!
You die...

##.###### #.# #.# ### #. #.# #.#
#.. .. ##+## #.# #.# #. ##...##
#.# #.###. ##.[...## #.# #...#.
##.......## ##.## #.#...
###.........####...#########.....
..+.........'...@....@...........
###.).......####...#########.....
##.......## ##.## ##.#.#
##.....## #.# #.### ##...## ...
#.# ##'## ..... #.# #.# #.....#
... #.# #.....# ... ##.##


You could see Sigmund.

Vanquished Creatures
  2 worms (D:2)
  A dart slug (D:2)
  A bat (D:1)
  An endoplasm (D:1)
  7 goblins
  4 hobgoblins
  3 jackals (D:1)
  3 kobolds
  A quokka (D:2)
  4 ball pythons
  3 frilled lizards
30 creatures vanquished.

Vanquished Creatures (collateral kills)
  A jackal (D:1)
  A frilled lizard (D:1)
2 creatures vanquished.

Vanquished Creatures (others)
  A fungus (D:1)
  3 plants (D:1)
4 creatures vanquished.

Grand Total: 36 creatures vanquished

Notes
Turn   | Place    | Note
-------+----------+-------------------------------------------
     0 | D:1      | KittyKat the Demonspawn Necromancer began the quest for the
                  | Orb.
     0 | D:1      | Reached XP level 1. HP: 13/13 MP: 3/3
   151 | D:1      | Gained mutation: You have large cloven feet. [demonic
                  | ancestry]
   151 | D:1      | Reached XP level 2. HP: 17/19 MP: 1/5
   705 | D:1      | Found a faded altar of an unknown god.
  1214 | D:2      | Reached skill level 5 in Necromancy
  1230 | D:2      | Gained mutation: You have hoof-like feet. [demonic
                  | ancestry]
  1230 | D:2      | Reached XP level 3. HP: 24/24 MP: 4/6
  1476 | D:2      | Noticed Sigmund
  1548 | D:2      | Found Dexaul's Jewellery Emporium.
  1574 | D:2      | Learned a level 3 spell: Vampiric Draining
  1721 | D:2      | Identified the +7 chain mail of Insecurity {Contam Rampage
                  | rPois Dex-3}
  2022 | D:3      | Noticed Grinder
  2042 | D:2      | Killed from afar by Sigmund

Illustrated notes

Levels and vault maps discovered:
D:1:      onia_arrival_mini_maze, layout_rooms,
          shapermc_ecumenical_altar_mp_ritualfount
D:2:      layout_loops_corners, serial_shops, nicolae_shop_hallway_plus,
          minmay_hexomino_f4, uniq_sigmund
D:3:      layout_loops_ring, okawaru_gym_becter, minmay_fountain_box,
          minmay_quadrilaterals, uniq_grinder

Skill      XL: |  1  2 |
---------------+-------+-----
Dodging        | 2 |  2.2
Necromancy     | 5 |  5.1
Stealth        | |  1.7
Spellcasting   | |  2.4

Action                   || total
-------------------------++-------
Melee: Dagger            ||    24
       Kick              ||     2
 Cast: Necrotise         ||    51
  Use: Scroll            ||     2
 Stab: Sleeping          ||     3
Armor: Robe              ||     1
Dodge: Dodged            ||    12

Table legend: (Time is in decaauts)
 A = Elapsed time spent in this place.
 B = Non-inter-level travel time spent in this place.
 C = Inter-level travel time spent in this place.
 D = Time resting spent in this place.
 E = Time spent auto-exploring this place.
 F = Levels seen in this place.
 G = Mean time per level.
                   A        B        C        D        E       F      G
               +--------+--------+--------+--------+--------+-----+--------+
         Total |   2040 |   2010 |     30 |    389 |    914 |   3 |  680.0 |
       Dungeon |   2040 |   2010 |     30 |    389 |    914 |   3 |  680.0 |
               +--------+--------+--------+--------+--------+-----+--------+

Top non-repeatable levels by time:
     D:1: 1222 daAuts
     D:2: 645 daAuts
     D:3: 172 daAuts
